 Dungeon Crawl Stone Soup version 0.27-a0-419-g7a85846853 (webtiles) character file.

Game seed: 18120523806711207058

599588 alexyer the Conqueror (level 26, -25/292 HPs)
             Began as a Minotaur Berserker on Feb 26, 2021.
             Was a High Priest of Trog.
             Killed from afar by an orb of fire (44 damage)
             ... with a bolt of fire
             ... on level 5 of the Realm of Zot on Feb 27, 2021.
             The game lasted 03:59:36 (68642 turns).

alexyer the Conqueror (Minotaur Berserker)         Turns: 68642, Time: 03:59:37

Health: -25/292    AC: 30    Str: 37    XL:     26   Next: 45%
Magic:  22/22      EV: 38    Int:  2    God:    Trog [*****.]
Gold:   7495       SH: 22    Dex: 20    Spells: 25/25 levels left

rFire    + . .     SeeInvis .   a - +11 broad axe of Contradiction {vorpal, rF+ rN+ Str+4}
rCold    + . .     Faith    .   l - +1 kite shield of Pujipt {rF- Will++ Slay+3 Stlth+}
rNeg     + . .     Spirit   .   M - +12 plate armour "Soijum" {Str+4}
rPois    .         Reflect  .   (helmet restricted)
rElec    +         Harm     .   (no cloak)
rCorr    .         Rampage  .   E - +2 pair of gloves {Str+3}
Will     +++..     Rnd*Tele +   (no boots)
Stlth    ..........             T - amulet "Asitocle" {Acrobat rElec Str+4}
HPRegen  0.58/turn              K - ring of protection from cold
MPRegen  0.18/turn              G - ring of protection from fire

@: silence, corroded, acrobat, very slightly contaminated, hasted (expiring),
invisible, very quick
A: retaliatory headbutt, horns 2, blurry vision 1, dopey 1, robust 1, screaming
1, teleportitis 1, weak 1, no potion heal 1
}: 3/15 runes: barnacled, silver, gossamer
a: Renounce Religion


You were on level 5 of the Realm of Zot.
You worshipped Trog.
Trog was extremely pleased with you.
You visited 9 branches of the dungeon, and saw 47 of its levels.
You visited 1 bazaar.

You collected 8435 gold pieces.
You spent 940 gold pieces at shops.

Inventory:

Hand Weapons
 a - the +11 broad axe of Contradiction (weapon) {vorpal, rF+ rN+ Str+4}
   (Trog gifted it to you on level 1 of the Depths)

   It inflicts extra damage upon your enemies.
   It affects your strength (+4).
   It protects you from fire.
   It protects you from negative energy.
 b - a +2 flail of protection
Armour
 l - the +1 kite shield of Pujipt (worn) {rF- Will++ Slay+3 Stlth+}
   (You took it off Asterion on level 3 of the Depths)

   It affects your accuracy and damage with ranged weapons and melee attacks
   (+3).
   It makes you vulnerable to fire.
   It affects your willpower, your defense against some magical effects.
   It makes you more stealthy.
 E - a +2 pair of gloves of strength (worn)
 M - the +12 plate armour "Soijum" (worn) {Str+4}
   (You found it on level 6 of the Lair of Beasts)

   It affects your strength (+4).
 Z - a +3 buckler of fire resistance
Jewellery
 e - a +4 ring of evasion
 g - a +4 ring of protection
 q - an amulet of reflection
 D - a ring of see invisible
 G - a ring of protection from fire (right hand)
 I - a ring of protection from cold
 J - the ring of Summer {rC+ Int+6 Dex+6}
   (You found it on level 9 of the Dungeon)

   [ring of dexterity]

   It affects your intelligence (+6).
   It affects your dexterity (+6).
   It protects you from cold.
 K - a ring of protection from cold (left hand)
 N - an amulet of regeneration
 P - a ring of poison resistance
 T - the amulet "Asitocle" (around neck) {Acrobat rElec Str+4}
   (You found it on level 4 of the Shoals)

   [amulet of the acrobat]

   It helps you evade while moving and waiting.
   It affects your strength (+4).
   It insulates you from electricity.
Wands
 c - a wand of mindburst (37)
 h - a wand of iceblast (36)
 n - a wand of digging (23)
 r - a wand of flame (131)
 v - a wand of charming (18)
 x - a wand of polymorph (4)
 y - a wand of paralysis (34)
 z - a wand of acid (33)
Scrolls
 d - 26 scrolls of teleportation
 s - 2 scrolls of acquirement
 u - 3 scrolls of fear
 w - 9 scrolls of magic mapping
 A - 32 scrolls of identify
 B - a scroll of enchant weapon
 H - a scroll of silence
 L - 6 scrolls of fog
 S - 2 scrolls of torment
 V - 2 scrolls of summoning
 W - 2 scrolls of holy word
Potions
 f - 7 potions of mutation
 i - 8 potions of lignification
 j - 2 potions of attraction
 k - 6 potions of might
 m - 6 potions of cancellation
 o - a potion of haste
 p - 26 potions of curing
 t - 4 potions of flight
 C - 2 potions of berserk rage {unknown}
 F - a potion of heal wounds
 U - 6 potions of ambrosia
 Y - a potion of invisibility
Miscellaneous
 O - a phantom mirror
 R - a phial of floods


   Skills:
 O Level 27 Fighting
 - Level 18.0 Axes
 O Level 27 Armour
 + Level 17.4 Dodging
 O Level 27 Shields
 + Level 1.4 Evocations


You had 25 spell levels left.
You didn't know any spells.
Your spell library was empty.

Dungeon Overview and Level Annotations

Branches:
Dungeon (15/15)            Temple (1/1) D:5            Lair (6/6) D:9
 Shoals (4/4) Lair:2       Spider (4/4) Lair:4        Slime (0/5) Lair:5
    Orc (2/2) D:12            Elf (0/3) Orc:2        Vaults (5/5) D:13
  Crypt (0/3) Vaults:3     Depths (5/5) D:15            Zot (5/5) Depths:5

Altars:
Ashenzari
Cheibriados
Dithmenos
Elyvilon
Fedhas
Gozag
Hepliaklqana
Kikubaaqudgha
Makhleb
Nemelex Xobeh
Okawaru
Qazlal
Ru
Sif Muna
Trog
Uskayaw
Vehumet
Wu Jian
Xom
Yredelemnul
Zin
The Shining One
Beogh
Jiyva

Shops:
D:7 [   Orc:2 [:[*   Shoals:3 (?[   Vaults:2 ?   Vaults:3 *[(?   Depths:1 [*

Portals:
Hell: Depths:1 Depths:2 Depths:3 Depths:4 Depths:5
Abyss: Lair:5 Depths:4 Depths:5
Pandemonium: Depths:3 Depths:5
Ziggurat: Depths:2

Annotations:
D:9 exclusion: 2 oklob saplings
D:13 3 runed translucent doors, Morbidden's ghost, journeyman DsAr
Lair:4 exclusion: 3 oklob plants
Lair:5 2 transporters, Tetteh's ghost, journeyman DrBe


Innate Abilities, Weirdness & Mutations

You reflexively headbutt those who attack you in melee.
You have a pair of horns on your head.
Scrolls take you a little longer to read.
You are dopey. (Int -2)
You are robust. (+10% HP)
You occasionally shout uncontrollably at your foes.
You are occasionally teleported next to monsters.
You are weak. (Str -2)
Potions are less effective at restoring your health.


Message History

You feel robust.
You are very lightly contaminated with residual magic.
The orb of fire glows deep purple.
The bolt of fire misses you.
Your system partially rejects the healing.
You feel much better.
The orb of fire glows red.
The bolt of fire misses you.
Your system partially rejects the healing.
You feel much better.
The orb of fire glows bright magenta.
The bolt of fire hits you! You resist.
* * * LOW HITPOINT WARNING * * *
The orb of fire glows yellow.
The bolt of fire hits you. You resist.
* * * LOW HITPOINT WARNING * * *
Your extra speed is starting to run out.
The orb of fire glows deep purple.
Strange energies course through your body.
You feel weaker.
The orb of fire emits a lurid red light.
The fireball explodes!
The fireball engulfs you!! You resist.
* * * LOW HITPOINT WARNING * * *
Aiming: Dig
Press: ? - help, Shift-Dir - straight line Digging in that direction won't affect any walls.
Okay, then.
Really read with blurry vision while enemies are nearby?
Uppercase [Y]es or [N]o only, please.
Really read with blurry vision while enemies are nearby?
The orb of fire glows deep purple.
The bolt of fire hits you!! You resist.
* * * LOW HITPOINT WARNING * * *
You begin reading the scroll.
You continue reading the scroll.
You block the Killer Klown's attack.
As you read the scroll of silence, it crumbles to dust.
A profound silence engulfs you.
The orb of fire glows bright magenta.
The bolt of fire hits you!!! You resist.
You die...

#.# #.# ### # # # ########
################ .......#
##......?.......## ......##
##...p@...........## ^.....#
##...**.......^.....## .....##
#.^....*.............# .....#
#......D.............# )....##
#...............^....# ...[..#
#....................# ......##
#....................#
.......###.....p.......[.....^#
#####..†###..................##


You could see 3 orbs of fire, 2 Killer Klowns and a golden dragon.

Vanquished Creatures
  A dread lich (Vaults:5)
  3 ancient liches
  A juggernaut (Depths:3)
  Boris (twice) (Vaults:3 Vaults:5)
  3 Killer Klowns
  Frederick (Depths:4)
  4 golden dragons
  A bone dragon (Zot:2)
  4 electric golems
  23 tentacled monstrosities
  2 hellephants (Vaults:1)
  8 Orb Guardians (Zot:5)
  Asterion (Depths:3)
  A lich (Vaults:5)
  9 titans
  4 quicksilver dragons
  9 death cobs
  10 sphinxes
  Agnes (D:15)
  3 draconian monks
  14 storm dragons
  8 shadow dragons
  8 tengu reavers
  Donald (Vaults:1)
  The ghost of Voek the Severer, a journeyman HOFi of Makhleb (Orc:1)
  3 daevas (Depths:2)
  Louise (Depths:4)
  The ghost of Duqoann the Impaler, a journeyman DgWn (Spider:3)
  13 fire giants
  9 frost giants
  11 ghost moths
  15 vault wardens
  2 iron dragons (Zot:2)
  4 draconian stormcallers
  2 angels (Depths:2)
  A draconian scorcher (Zot:3)
  3 deep elf elementalists
  4 draconian shifters
  3 emperor scorpions (Spider:4)
  17 ironheart preservers
  A draconian annihilator (Depths:4)
  A war gargoyle (Zot:2)
  5 spriggan defenders
  6 green draconians
  34 very ugly things
  27 stone giants
  2 deep elf demonologists (Vaults:5)
  4 vampire knights
  6 dire elephants
  9 black draconians
  4 entropy weavers
  9 purple draconians
  8 white draconians
  Azrael (Spider:1)
  11 yellow draconians
  9 spark wasps
  11 red draconians
  3 deep elf annihilators (Vaults:5)
  5 merfolk javelineers
  12 ettins
  3 deep elf death magi
  10 merfolk impalers
  11 fire dragons
  17 yaktaur captains
  40 vault guards
  11 great orbs of eyes
  8 hydras
  16 ice dragons
  9 boulder beetles
  A hell beast (Depths:5)
  2 spriggan air magi
  Erolcha (D:9)
  6 ogre magi
  An anaconda (Lair:6)
  2 rakshasas
  7 centaur warriors
  3 death knights
  A catoblepas (Lair:6)
  A satyr (shapeshifter) (D:14)
  A satyr (Shoals:2)
  11 deep troll shamans
  4 merfolk avatars
  2 dancing weapons
  7 deep troll earth magi
  2 alligator snapping turtles (Shoals:4)
  28 two-headed ogres
  2 merfolk aquamancers (Shoals:4)
  9 tengu warriors
  2 vampire magi (Vaults:3)
  11 death yaks
  4 spriggan berserkers (Depths:3)
  34 hell knights
  6 orc high priests
  A shock serpent (shapeshifter) (Vaults:5)
  A soul eater (Depths:5)
  10 spriggans
  3 deep elf knights
  6 skeletal warriors
  4 iron trolls
  A shadow wraith (Vaults:4)
  34 deep trolls
  2 sea snakes (shapeshifter)
  2 flayed ghosts
  4 glowing orange brains
  12 sea snakes
  3 spriggan druids (Depths:4)
  A torturous demonspawn (Depths:4)
  6 cherubim (Depths:2)
  5 unseen horrors
  2 swamp dragons (shapeshifter)
  4 deep elf archers
  2 wizards
  A tengu zombie (Vaults:4)
  4 phantasmal warriors
  22 harpies
  4 necromancers
  13 ironbrand convokers
  15 orc knights
  3 deep elf pyromancers
  An orb spider (shapeshifter) (D:13)
  15 orb spiders
  2 deep elf zephyrmancers (Vaults:5)
  9 cyclopes
  26 wolf spiders
  2 salamanders (shapeshifter)
  49 ugly things
  4 orc sorcerers
  A stone giant zombie (Vaults:2)
  8 fauns
  A wolf spider (shapeshifter) (Depths:5)
  22 moths of wrath
  A moth of wrath (shapeshifter) (Depths:4)
  11 manticores
  8 merfolk sirens
  2 human zombies (Vaults:2)
  A tengu skeleton (Vaults:4)
  2 shining eyes (Depths:1)
  A faun (shapeshifter) (Vaults:4)
  16 elephants
  4 black mambas
  9 water nymphs
  2 gargoyles
  15 cane toads
  An eye of devastation (Depths:1)
  16 vault sentinels
  A kobold demonologist (D:14)
  A smoke demon (Depths:4)
  2 rime drakes
  Psyche (D:11)
  4 freezing wraiths
  8 komodo dragons
  15 demonic crawlers
  6 tengu conjurers
  51 yaktaurs
  2 guardian mummies (Zot:2)
  20 jumping spiders
  26 merfolk
  6 polar bears
  A tengu simulacrum (Vaults:1)
  A meliai (shapeshifter) (Vaults:3)
  10 trolls
  A jumping spider (shapeshifter) (D:13)
  5 wind drakes
  A dream sheep (shapeshifter) (Vaults:4)
  17 hornets
  29 blink frogs
  21 slime creatures
  6 snapping turtles
  A fire giant simulacrum (Vaults:4)
  A meliai zombie (D:11)
  17 dream sheep
  A centaur simulacrum (D:15)
  26 tarantellas
  A redback (shapeshifter) (Vaults:1)
  2 shadows
  3 vampires
  10 wyverns
  7 water elementals
  48 redbacks
  An ettin skeleton (Vaults:4)
  3 golden eyes (Depths:1)
  Eustachio (D:4)
  8 wraiths
  A tarantella (shapeshifter) (Vaults:5)
  38 yaks
  A chaos spawn (Depths:5)
  10 humans (Zot:3)
  3 basilisks
  4 fire elementals (Spider:1)
  A basilisk (shapeshifter) (Depths:3)
  12 vampire mosquitoes
  2 hell hounds (Spider:1)
  11 water moccasins
  5 wargs
  An acid dragon (Vaults:1)
  A floating eye (Depths:1)
  A floating eye (shapeshifter) (Vaults:5)
  43 orc warriors
  5 sky beasts
  2 black bears
  5 eyes of draining
  3 ice beasts
  A black bear (shapeshifter) (Depths:1)
  A necrophage (D:12)
  27 ogres
  8 wolves
  7 boggarts
  36 centaurs
  A phantom (D:10)
  2 wyvern zombies (D:14)
  16 bullfrogs
  4 scorpions
  A water moccasin skeleton (D:4)
  9 killer bees
  4 howler monkeys
  16 wights
  2 centaur zombies
  A crimson imp (Depths:3)
  7 hounds
  4 centaur skeletons
  3 jellies
  3 bullfrog zombies
  30 orc priests
  2 bullfrog skeletons
  A gnoll shaman (D:8)
  4 iguanas
  47 orc wizards
  10 hell rats
  17 worker ants
  A killer bee zombie (D:9)
  A hound skeleton (D:11)
  A howler monkey zombie (D:10)
  13 adders
  9 gnolls
  A howler monkey skeleton (D:7)
  A river rat (D:4)
  2 shadow imps
  16 white imps
  An ufetubus (D:9)
  3 oozes
  An adder skeleton (D:6)
  3 adder zombies
  2 worms
  3 dart slugs
  9 leopard geckos
  123 orcs
  9 bats
  9 giant cockroaches
  4 hobgoblins
  6 jackals
  7 quokkas
  4 ball pythons
  5 frilled lizards
  A giant cockroach zombie (D:6)
  5 goblins
  10 kobolds
  A leopard gecko zombie (D:5)
  A quokka skeleton (D:9)
  8 rats
  2 plants
  A tentacle (Shoals:4)
2088 creatures vanquished.

Vanquished Creatures (collateral kills)
  Mennas (Depths:2)
  A juggernaut (Depths:3)
  Bai Suzhen (Vaults:4)
  Xtahua (Depths:3)
  A golden dragon (Depths:3)
  A tentacled monstrosity (Vaults:5)
  2 Orb Guardians (Zot:5)
  A kraken (Shoals:4)
  A shadow dragon (Vaults:5)
  An angel (Depths:2)
  A merfolk impaler (Shoals:4)
  A vault guard (Vaults:5)
  A boulder beetle (Vaults:5)
  An ogre mage (Vaults:2)
  A merfolk avatar (Shoals:4)
  A merfolk aquamancer (Shoals:4)
  2 two-headed ogres (Vaults:2)
  A deep troll earth mage (Vaults:2)
  A spriggan berserker (Depths:3)
  A hell knight (Vaults:1)
  3 skeletal warriors (Vaults:2)
  A flayed ghost (Vaults:2)
  A deep troll (Vaults:5)
  A deep elf pyromancer (Vaults:5)
  An obsidian statue (Zot:5)
  An orc sorcerer (Orc:2)
  A wolf spider (Vaults:2)
  2 fauns (Shoals:1)
  A merfolk siren (Shoals:1)
  A yaktaur (Depths:3)
  2 merfolk (Shoals:4)
  A blink frog (Lair:4)
  A yak (Lair:6)
  A wyvern (Lair:4)
  An orc warrior (Orc:2)
  3 wolves (Lair:6)
  An ogre (Vaults:2)
  2 orc priests (Orc:2)
  3 tentacles (Shoals:4)
50 creatures vanquished.

Vanquished Creatures (others)
  A yaktaur (Depths:5)
  An orc wizard (D:13)
  25 fungi
  76 plants
  5 tentacles (Shoals:4)
108 creatures vanquished.

Grand Total: 2246 creatures vanquished

Notes
Turn   | Place    | Note
-------+----------+-------------------------------------------
     0 | D:1      | alexyer the Minotaur Berserker began the quest for the Orb.
     0 | D:1      | Reached XP level 1. HP: 19/19 MP: 0/0
   318 | D:1      | Reached XP level 2. HP: 19/27 MP: 1/1
  1103 | D:2      | Found a bloodstained altar of Trog.
  1172 | D:2      | Reached XP level 3. HP: 34/34 MP: 2/2
  1183 | D:2      | Reached ** piety under Trog
  1790 | D:3      | Found a radiant altar of Vehumet.
  2019 | D:3      | Reached XP level 4. HP: 38/41 MP: 3/3
  2138 | D:3      | Found a blossoming altar of Fedhas.
  2277 | D:3      | Found a shadowy altar of Dithmenos.
  2494 | D:3      | Reached skill level 5 in Axes
  2525 | D:3      | Reached XP level 5. HP: 47/47 MP: 4/4
  2537 | D:3      | Reached *** piety under Trog
  2612 | D:3      | Reached skill level 5 in Fighting
  2865 | D:4      | Noticed Eustachio
  2938 | D:4      | Killed Eustachio
  2939 | D:4      | Reached XP level 6. HP: 56/56 MP: 5/5
  3127 | D:4      | Reached XP level 7. HP: 61/61 MP: 6/6
  3589 | D:5      | Entered Level 5 of the Dungeon
  3691 | D:5      | Reached **** piety under Trog
  4310 | D:5      | Found a staircase to the Ecumenical Temple.
  4319 | Temple   | Entered the Ecumenical Temple
  4544 | D:5      | You fall into a shaft and drop 1 floor!
  4649 | D:6      | Reached XP level 8. HP: 70/70 MP: 7/7
  4655 | D:6      | Reached skill level 5 in Armour
  5368 | D:7      | Reached skill level 10 in Axes
  5368 | D:7      | Reached skill level 5 in Dodging
  5368 | D:7      | Reached skill level 1 in Shields
  5375 | D:7      | Reached XP level 9. HP: 59/79 MP: 6/8
  5499 | D:7      | Reached ***** piety under Trog
  6028 | D:7      | Found Lakel's Armour Shop.
  6041 | D:7      | Bought a +2 pair of gloves of strength for 236 gold pieces
  6377 | D:8      | Received a gift from Trog
  6423 | D:8      | You fall into a shaft and drop 2 floors!
  6423 | D:10     | Entered Level 10 of the Dungeon
  6776 | D:10     | Reached XP level 10. HP: 90/90 MP: 9/9
  6848 | D:9      | Noticed a two-headed ogre
  6860 | D:10     | Killed a two-headed ogre
  7232 | D:9      | Found a staircase to the Lair.
  7250 | D:9      | Noticed Erolcha
  7900 | D:8      | Reached skill level 5 in Shields
  8055 | D:9      | Killed Erolcha
  8237 | D:9      | Noticed a two-headed ogre
  8272 | D:8      | Killed a two-headed ogre
  8273 | D:8      | Reached XP level 11. HP: 58/97 MP: 4/10
  8508 | D:9      | Reached skill level 10 in Armour
  8616 | D:9      | Found a hazy altar of Hepliaklqana.
  8839 | D:9      | Identified the +1 leather armour of Mirr {Int+4}
  8847 | D:9      | Noticed an unseen horror
  8852 | D:9      | Killed an unseen horror
  8860 | D:9      | Identified the ring of Summer {rC+ Int+6 Dex+6}
  9070 | D:9      | Found a glowing golden altar of the Shining One.
  9491 | Lair:1   | Entered Level 1 of the Lair of Beasts
  9512 | D:9      | Reached skill level 10 in Fighting
 11188 | Lair:1   | Found a sparkling altar of Nemelex Xobeh.
 11991 | Lair:1   | Noticed an eight-headed hydra
 12002 | Lair:1   | Killed an eight-headed hydra
 12527 | Lair:2   | Reached XP level 12. HP: 84/108 MP: 9/11
 12567 | Lair:2   | Reached skill level 15 in Axes
 12806 | Lair:2   | Found a staircase to the Shoals.
 13470 | Lair:2   | Received a gift from Trog
 13776 | Lair:3   | Noticed a four-headed hydra
 13793 | Lair:3   | Killed a four-headed hydra
 13842 | Lair:3   | Noticed a boulder beetle
 14182 | Lair:3   | Killed a boulder beetle
 14432 | Lair:3   | Noticed a death yak
 14432 | Lair:3   | Noticed a death yak
 14432 | Lair:3   | Noticed a death yak
 14432 | Lair:3   | Noticed a death yak
 14432 | Lair:3   | Noticed a death yak
 14433 | Lair:3   | Noticed a death yak
 14445 | Lair:3   | Noticed a death yak
 14447 | Lair:3   | Noticed a death yak
 14450 | Lair:3   | Killed a death yak
 14461 | Lair:2   | Killed a death yak
 14465 | Lair:2   | Killed a death yak
 14693 | Lair:2   | Killed a death yak
 14698 | Lair:2   | Killed a death yak
 14704 | Lair:2   | Killed a death yak
 14971 | Lair:2   | Killed a death yak
 14973 | Lair:2   | Killed a death yak
 15317 | Lair:3   | Noticed a five-headed hydra
 15330 | Lair:3   | Killed a five-headed hydra
 15780 | Lair:4   | Noticed a seven-headed hydra
 15794 | Lair:4   | Killed a seven-headed hydra
 15799 | Lair:4   | Reached XP level 13. HP: 119/119 MP: 10/12
 17176 | Lair:4   | Found a hole to the Spider Nest.
 17474 | Lair:5   | Found a one-way gate to the infinite horrors of the Abyss.
 17474 | Lair:5   | Noticed Tetteh's ghost (journeyman DrBe)
 17474 | Lair:5   | Noticed a tentacled starspawn
 17478 | Lair:5   | Found a shimmering blue altar of Sif Muna.
 17606 | Lair:5   | Identified the +3 dagger of Gluttony {distort, rPois Str+3
                  | SInv}
 17615 | Lair:5   | Found a transporter.
 18180 | Lair:5   | Found a transporter.
 18215 | Lair:5   | Found a staircase to the Slime Pits.
 18216 | Lair:5   | Found a viscous altar of Jiyva.
 18491 | Lair:6   | Entered Level 6 of the Lair of Beasts
 18604 | Lair:6   | Identified the +12 plate armour "Soijum" {Str+4}
 18856 | Lair:6   | Reached skill level 10 in Shields
 18953 | Lair:6   | Received a gift from Trog
 19160 | Lair:6   | Reached XP level 14. HP: 133/133 MP: 13/13
 19677 | Lair:6   | Reached skill level 15 in Fighting
 21815 | D:11     | Reached skill level 15 in Armour
 21864 | D:11     | Noticed Psyche
 21873 | D:11     | Killed Psyche
 22594 | D:12     | Identified the -2 pair of boots "Cifi" {Dex+3}
 23091 | D:12     | Found a staircase to the Orcish Mines.
 23109 | D:12     | Found a roughly hewn altar of Beogh.
 23422 | Orc:1    | Entered Level 1 of the Orcish Mines
 23445 | Orc:1    | Paralysed by an orc sorcerer for 4 turns
 23799 | Orc:1    | Found a runed translucent gate.
 23799 | Orc:1    | Found a runed translucent gate.
 23799 | Orc:1    | Found a runed translucent gate.
 23800 | Orc:1    | Noticed Voek's ghost (journeyman HOFi)
 23818 | Orc:1    | Killed Voek's ghost
 23906 | Orc:2    | Entered Level 2 of the Orcish Mines
 24708 | Orc:2    | Reached ****** piety under Trog
 24738 | Orc:2    | Found a staircase to the Elven Halls.
 24929 | Orc:2    | Found Puroamuj's Book Boutique.
 24929 | Orc:2    | Found Qaut's Antique Armour Boutique.
 24933 | Orc:2    | Found Onkuemeb's General Store.
 24933 | Orc:2    | Found Liciut's Antique Armour Shop.
 24938 | Orc:2    | Bought a wand of flame (27) for 174 gold pieces
 24938 | Orc:2    | Bought a potion of haste for 120 gold pieces
 24938 | Orc:2    | Bought a potion of curing for 36 gold pieces
 25200 | Orc:2    | Found a roughly hewn altar of Beogh.
 25210 | Orc:2    | Received a gift from Trog
 25768 | Orc:1    | Reached XP level 15. HP: 100/145 MP: 11/14
 26750 | D:13     | Received a gift from Trog
 26775 | D:13     | Found a runed translucent door.
 26839 | D:13     | Found a roughly hewn altar of Beogh.
 26899 | D:13     | Found a gate to the Vaults.
 27187 | D:13     | Found a runed translucent gate.
 27187 | D:13     | Found a runed translucent gate.
 27187 | D:13     | Found a runed translucent gate.
 27187 | D:13     | Noticed Morbidden's ghost (journeyman DsAr)
 27451 | D:14     | Found a snail-covered altar of Cheibriados.
 28036 | D:14     | Noticed a ghost moth
 28036 | D:14     | a ghost moth changed into a goliath frog
 28455 | D:15     | Entered Level 15 of the Dungeon
 28491 | D:15     | Received a gift from Trog
 28556 | D:15     | Noticed a sphinx
 28561 | D:15     | Killed a sphinx
 28861 | D:15     | Noticed Agnes
 28869 | D:15     | Killed Agnes
 28942 | D:15     | Found a staircase to the Depths.
 29081 | D:15     | Reached XP level 16. HP: 137/157 MP: 11/15
 29892 | Spider:1 | Entered Level 1 of the Spider Nest
 30163 | Spider:1 | Received a gift from Trog
 30175 | Spider:1 | Noticed Azrael
 30192 | Spider:1 | Killed Azrael
 33075 | Spider:3 | Received a gift from Trog
 33781 | Spider:3 | Found a runed translucent door.
 33781 | Spider:3 | Noticed Duqoann's ghost (journeyman DgWn)
 33807 | Spider:3 | Killed Duqoann's ghost
 34121 | Spider:4 | Entered Level 4 of the Spider Nest
 34351 | Spider:4 | Reached XP level 17. HP: 124/169 MP: 16/16
 34589 | Spider:4 | Received a gift from Trog
 34719 | Spider:4 | Reached skill level 15 in Shields
 34719 | Spider:4 | Reached skill level 1 in Evocations
 35029 | Spider:4 | Got a gossamer rune of Zot
 35636 | Shoals:1 | Entered Level 1 of the Shoals
 36439 | Shoals:2 | Received a gift from Trog
 37432 | Shoals:3 | Found Guiguigh's Magic Scroll Boutique.
 37440 | Shoals:3 | Bought a scroll of blinking for 97 gold pieces
 37440 | Shoals:3 | Bought a scroll of enchant weapon for 97 gold pieces
 37446 | Shoals:3 | Found Qiemegh's Antique Weapon Boutique.
 37487 | Shoals:3 | Found Ajofracs's Armour Shoppe.
 37863 | Shoals:4 | Entered Level 4 of the Shoals
 37946 | Shoals:4 | Received a gift from Trog
 37962 | Shoals:4 | Reached XP level 18. HP: 102/180 MP: 17/17
 37969 | Shoals:4 | Got a barnacled rune of Zot
 38618 | Shoals:4 | Identified the amulet "Asitocle" {Acrobat rElec Str+4}
 38977 | Shoals:4 | Received a gift from Trog
 39021 | Shoals:4 | Identified the +5 battleaxe of the Thing {flame, rPois rF+
                  | Str-3}
 39684 | Depths:1 | Entered Level 1 of the Depths
 40039 | Depths:1 | Gained mutation: You occasionally shout uncontrollably at
                  | your foes. [a shining eye]
 40040 | Depths:1 | Gained mutation: Potions are less effective at restoring
                  | your health. [a shining eye]
 40046 | Depths:1 | Paralysed by a floating eye for 3 turns
 40057 | Depths:1 | Paralysed by a floating eye for 3 turns
 41169 | Depths:1 | Found Lettih Rymu's Assorted Antiques.
 41171 | Depths:1 | Found Babis's Antique Armour Emporium.
 41390 | Depths:1 | Found a gateway to Hell.
 41455 | Depths:1 | Identified the +11 broad axe of Contradiction {vorpal, rF+
                  | rN+ Str+4} (Trog gifted it to you on level 1 of the Depths)
 41455 | Depths:1 | Received a gift from Trog
 42265 | Depths:2 | Reached XP level 19. HP: 71/191 MP: 18/18
 42732 | Depths:2 | Found a gateway to a ziggurat.
 43375 | Depths:2 | Identified the -1 buckler of the First Beasts {Stlth+}
 43405 | Depths:2 | Found a glowing silver altar of Zin.
 43405 | Depths:2 | Noticed Mennas
 43870 | Depths:2 | Killed Mennas
 44552 | Depths:3 | Identified the +1 kite shield of Pujipt {rF- Will++ Slay+3
                  | Stlth+}
 44552 | Depths:3 | Noticed Asterion
 44562 | Depths:3 | Killed Asterion
 44862 | Depths:3 | Noticed a juggernaut
 44870 | Depths:3 | Noticed a golden dragon
 44879 | Depths:3 | Killed a juggernaut
 44883 | Depths:3 | Noticed a juggernaut
 44885 | Depths:3 | Killed a golden dragon
 44898 | Depths:3 | Killed a juggernaut
 45359 | Depths:3 | Reached XP level 20. HP: 142/204 MP: 19/19
 45856 | Depths:3 | Noticed Xtahua
 46108 | Vaults:1 | Entered Level 1 of the Vaults
 46177 | Vaults:1 | Noticed Donald
 46191 | Vaults:1 | Killed Donald
 46191 | Vaults:1 | Received a gift from Trog
 46360 | Vaults:1 | Found a flickering gateway to a bazaar.
 46388 | Bazaar   | Entered a bazaar
 46388 | Bazaar   | Found Vineits's Antique Armour Shoppe.
 46391 | Bazaar   | Found Ypetoew's Weapon Boutique.
 46407 | Bazaar   | Found Sebafia's Armour Emporium.
 46444 | Bazaar   | Found Baupuinn's Antique Armour Emporium.
 46915 | Vaults:1 | Found a huge runed gate.
 46915 | Vaults:1 | Found a huge runed gate.
 46916 | Vaults:1 | Found a huge runed gate.
 46917 | Vaults:1 | Found a huge runed gate.
 46918 | Vaults:1 | Found a huge runed gate.
 46919 | Vaults:1 | Found a huge runed gate.
 46919 | Vaults:1 | Found a huge runed gate.
 46925 | Vaults:1 | Found a huge runed gate.
 46932 | Vaults:1 | Found a huge runed gate.
 46932 | Vaults:1 | Found a huge runed gate.
 47389 | Vaults:1 | Received a gift from Trog
 47719 | Vaults:1 | Identified the ring of Psychosis {Int+4 Dex+6}
 48534 | Vaults:2 | Received a gift from Trog
 48776 | Vaults:2 | Reached XP level 21. HP: 208/215 MP: 20/20
 49157 | Vaults:2 | Found Bukyolesch's Magic Scroll Emporium.
 49164 | Vaults:2 | Bought a scroll of enchant weapon for 90 gold pieces
 49164 | Vaults:2 | Bought a scroll of enchant armour for 90 gold pieces
 49271 | Vaults:2 | Identified the +1 chain mail "Leganept" {Harm rElec Slay-3}
 49657 | Vaults:3 | Identified a scroll of acquirement
 49698 | Vaults:3 | Acquired 528 gold pieces
 50161 | Vaults:3 | Found a staircase to the Crypt.
 50413 | Vaults:3 | Found Fumozev's Antique Weapon Shop.
 50465 | Vaults:3 | Received a gift from Trog
 50478 | Vaults:3 | Found Xeysoss's Antique Armour Shoppe.
 50521 | Vaults:3 | Found Alimian's General Store.
 51031 | Vaults:3 | Noticed Boris
 51049 | Vaults:3 | Killed Boris
 51078 | Vaults:3 | Found Ryduse's Magic Scroll Boutique.
 52009 | Vaults:4 | Noticed Bai Suzhen
 52019 | Vaults:4 | Killed Bai Suzhen
 52617 | Vaults:5 | Entered Level 5 of the Vaults
 52629 | Vaults:5 | Noticed an ancient lich
 52632 | Vaults:5 | Received a gift from Trog
 52644 | Vaults:5 | Killed an ancient lich
 52645 | Vaults:5 | Reached XP level 22. HP: 169/228 MP: 21/21
 52786 | Vaults:5 | Noticed an ancient lich
 52869 | Vaults:4 | Killed an ancient lich
 53427 | Vaults:5 | Received a gift from Trog
 53428 | Vaults:5 | Found the +8 mithril axe "Arga" {speed, Will+}
 53680 | Vaults:5 | Noticed Boris
 53781 | Vaults:5 | Killed Boris
 54057 | Vaults:5 | Reached skill level 27 in Fighting
 54057 | Vaults:5 | Noticed a golden dragon
 54067 | Vaults:5 | Killed a golden dragon
 54068 | Vaults:5 | Reached XP level 23. HP: 227/240 MP: 22/22
 54178 | Vaults:5 | Identified the +0 helmet of Lightning Storm {Str+3}
 54294 | Vaults:5 | Noticed a dread lich
 54308 | Vaults:5 | Killed a dread lich
 54333 | Vaults:5 | Identified the +10 rapier "Guenil" {drain, Str+5}
 54338 | Vaults:5 | Received a gift from Trog
 54882 | Vaults:5 | Got a silver rune of Zot
 56221 | Depths:3 | Killed Xtahua
 56320 | Depths:3 | Received a gift from Trog
 56451 | Depths:3 | Found a one-way gate leading to the halls of Pandemonium.
 56653 | Depths:4 | Noticed Frederick
 56658 | Depths:4 | Killed Frederick
 56863 | Depths:4 | Noticed Louise
 56890 | Depths:4 | Killed Louise
 57636 | Depths:4 | Reached XP level 24. HP: 110/249 MP: 22/22
 58252 | Depths:4 | Received a gift from Trog
 59082 | Depths:5 | Entered Level 5 of the Depths
 59114 | Depths:5 | Reached skill level 27 in Shields
 59351 | Depths:4 | Reached skill level 10 in Dodging
 60219 | Depths:5 | Found a gate to the Realm of Zot.
 60241 | Depths:5 | Received a gift from Trog
 60948 | Zot:1    | Entered Level 1 of the Realm of Zot
 61803 | Zot:1    | Reached XP level 25. HP: 180/257 MP: 22/22
 63070 | Zot:2    | Noticed a Killer Klown
 63081 | Zot:2    | Killed a Killer Klown
 63691 | Zot:2    | Received a gift from Trog
 64491 | Zot:2    | Found the +4 skin of Zhor {Englaciate rC+++ SInv}
 65068 | Zot:3    | Reached skill level 27 in Armour
 65537 | Zot:3    | Received a gift from Trog
 66163 | Zot:3    | Noticed a Killer Klown
 66171 | Zot:3    | Noticed a Killer Klown
 66177 | Zot:3    | Killed a Killer Klown
 66208 | Zot:3    | Killed a Killer Klown
 66475 | Zot:4    | Reached XP level 26. HP: 257/266 MP: 22/22
 67362 | Zot:4    | Reached skill level 15 in Dodging
 68030 | Zot:5    | Entered Level 5 of the Realm of Zot
 68303 | Zot:5    | Identified the +11 dire flail of the End of Times {flame,
                  | +Rage +Fly Int+2} (Trog gifted it to you on level 5 of the
                  | Realm of Zot)
 68303 | Zot:5    | Received a gift from Trog
 68554 | Zot:5    | Noticed an ancient lich
 68561 | Zot:5    | Killed an ancient lich
 68611 | Zot:5    | Noticed an orb of fire
 68611 | Zot:5    | Noticed an orb of fire
 68612 | Zot:5    | Noticed an orb of fire
 68615 | Zot:5    | Gained mutation: You are occasionally teleported next to
                  | monsters. [an orb of fire]
 68625 | Zot:5    | Gained mutation: You are dopey. (Int -2) [an orb of fire]
 68625 | Zot:5    | Gained mutation: Scrolls take you a little longer to read.
                  | [an orb of fire]
 68631 | Zot:5    | Gained mutation: You are robust. (+10% HP) [an orb of fire]
 68637 | Zot:5    | Gained mutation: You are weak. (Str -2) [an orb of fire]
 68642 | Zot:5    | Killed from afar by an orb of fire

Illustrated notes

Levels and vault maps discovered:
D:1:      saegor_arrival_miasma, layout_basic, serial_bayou_pond_d,
          corner_web_ring, kennysheep_crisscross
D:2:      layout_loops_corners, nicolae_overflow_crystal_walls
D:3:      layout_basic, fedhas_altar_2,
          nicolae_dithmenos_through_a_glass_darkly, fiery_altar_vehumet
D:4:      layout_rooms, gup_sewer_entry_spiral, uniq_eustachio
D:5:      layout_basic, temple_statues
D:6:      layout_basic
D:7:      layout_basic, serial_shops, nicolae_shop_waterfront
D:8:      layout_cave_pools
D:9:      minmay_the_grid_square_5x5_3x3 [minmay_the_grid_square_5x5_two,
          minmay_the_grid_square_5x5_bite, minmay_the_grid_square_5x5_spiral,
          minmay_the_grid_square_5x5_moneybag,
          minmay_the_grid_square_5x5_megaprize_diamond,
          minmay_the_grid_square_5x5_mess,
          minmay_the_grid_square_5x5_eight_small,
          minmay_the_grid_square_5x5_n_small,
          minmay_the_grid_square_5x5_shuriken], layout_cave_pools,
          kennysheep_mini, lemuel_round_altar, lair_entry_dummy,
          introduction_to_nature_1, uniq_erolcha
D:10:     layout_gridville
D:11:     layout_long_grid, chequers_serial_rivers_room_b, minmay_three_doors,
          uniq_psyche
D:12:     layout_stronghold, minmay_orc_entry_temple_small
D:13:     layout_small_grid, erik_vaults_2, gammafunk_ghost_nasty_kobolds,
          lightli_church_of_beogh
D:14:     layout_gridville, cheibriados_altar_1
D:15:     grunt_enter_depths_hoard, layout_loops_ring, grunt_ministairs_8,
          uniq_agnes
Temple:   eino_temple_rhombus
Lair:1:   layout_cave_pods, lemuel_centaur_altar, lemuel_fruit_tree,
          serial_bayou_shore_b, serial_bayou_shore_b
Lair:2:   layout_misc_corridors, shoals_dummy_entry,
          hangedman_lair_unloving_vines
Lair:3:   layout_hall_layers
Lair:4:   layout_hall_layers, spider_nest_entry_funnel_web,
          beast_lair_carwin_10, minmay_lair_oklob_chamber,
          infiniplex_staircase_pool, serial_bayou_shore_b
Lair:5:   layout_misc_corridors, slime_altar_1, gammafunk_ghost_abyssal_escape,
          amcnicky_altar_gilded
Lair:6:   due_jungle_book, layout_concentric_octagons, grunt_megastairs_1
Shoals:1: layout_shoals
Shoals:2: layout_shoals, overgrown_hall
Shoals:3: layout_shoals, serial_shops, shop, shop, shop
Shoals:4: shoals_end_simple, layout_shoals
Spider:1: layout_chambers, nicolae_spider_webs_and_nodes, uniq_azrael
Spider:2: layout_chambers, spiders_nest_hornet_nest
Spider:3: layout_spider_delve, gammafunk_ghost_grave, nicolae_spider_cling_ruins
Spider:4: grunt_spider_rune_island
Orc:1:    layout_caves, ebering_ghost_rock_garden
Orc:2:    st_orc_mages, layout_caves, portal_ice_cave_entry_imps, basic_altar,
          rock_pile
Vaults:1: vaults_not_door_vault_due, nicolae_vaults_three_branches,
          vaults_mumra_hex, hangedman_vaults_stagger, v_misc_11,
          vaults_standard_mumra_enter_the_diamond, vaults_room_ringed_pool,
          hangedman_vaults_cutoff, ontoclasm_vaults_loading_screen,
          nicolae_vaults_little_squares_3, nicolae_vaults_diagonal_hallway_6,
          layout_vaults_omnibox, serial_shops, bzr_entry_road, uniq_donald
Vaults:2: v_misc_28, v_misc_9, vaults_standard_mumra_x,
          nicolae_vaults_little_squares_1, v_misc_24, grunt_vaults_trifunnel,
          dpeg_vaults_monster_row, hangedman_vaults_snaps,
          vaults_dpeg_encased_lava, ontoclasm_vaults_ring_small,
          layout_vaults_ring, serial_shops, shop
Vaults:3: nicolae_vaults_puzzle_piece, st_more_cells, v_misc_32,
          nicolae_vaults_little_squares_3, vaults_room_fours,
          layout_vaults_quadrants, minmay_crypt_entry_simple_round,
          serial_shops, shop_fountains, shop, nicolae_shop_behind_doors, shop,
          uniq_boris
Vaults:4: nicolae_vaults_little_squares_2, vaults_mumra_chevron,
          hangedman_vaults_river_flow, v_misc_5,
          nicolae_vaults_little_squares_1, v_rooms_4,
          ontoclasm_vaults_decontamination, v_misc_12, layout_vaults_big_cross,
          uniq_bai_suzhen
Vaults:5: serial_shops
Depths:1: layout_honeycomb, hell_entry, minivault_11, hangedman_eye_storm,
          minmay_shoptagon
Depths:2: evilmike_silver_temple, layout_basic, enter_ziggurat_a, hell_entry,
          minmay_crystal_water
Depths:3: minmay_expanding_squares, layout_gridville, grunt_hell_entry_dis_old,
          serial_sigils, serial_sigils_hangedman_clutch,
          serial_sigils_hangedman_gut, serial_sigils_hangedman_shear,
          serial_sigils_hangedman_stare, serial_sigils_hangedman_shear,
          grunt_pan_entry_sceptre, st_stairs_13, infiniplex_staircase_diamond,
          uniq_xtahua, uniq_asterion
Depths:4: kb_forest_paths, layout_gridlike, grunt_metal_band,
          minmay_splitting_lines, nicolae_abyss_entry_one_way_or_another,
          uniq_frederick
Depths:5: grunt_zot_entry_funnels, layout_cave_shapes, abyss_entry,
          rand_demon_pan_entry_9, hell_entry
Zot:1:    layout_gridlike, drop_trap, bh_zot_lava_cross
Zot:2:    hangedman_zot_vaults_quadrants, layout_onion
Zot:3:    circus_mu, layout_concentric_octagons, st_stairs_12
Zot:4:    layout_misc_corridors, hangedman_zot_wheel_spokes, drop_trap,
          hangedman_zot_decor_unnerving_road
Zot:5:    layout_misc_corridors

Skill      XL: |  1  2  3  4  5  6  7  8  9 10 11 12 13 14 15 16 17 18 19 20 21 22 23 24 25 26 |
---------------+-------------------------------------------------------------------------------+-----
Axes           | 4 5 6 7 8 10 12 13 14 16 18 | 18.0
Fighting       | 4 5 6 7 8 9 10 12 14 16 17 19 20 22 23 24 26 27 | 27.0
Dodging        | 3 4 5 6 7 8 9 11 14 17 | 17.4
Armour         | 3 4 6 8 9 11 12 14 15 16 17 18 19 20 21 22 24 27 | 27.0
Shields        | 1 3 5 6 8 10 11 12 14 16 18 19 21 22 24 26 27 | 27.0
Evocations     | 1 |  1.4

Action                   |  1- 3 |  4- 6 |  7- 9 | 10-12 | 13-15 | 16-18 | 19-21 | 22-24 | 25-27 || total
-------------------------+-------+-------+-------+-------+-------+-------+-------+-------+-------++-------
Melee: Hand axe          |   127 |   121 |   335 |   169 |       |       |       |       |       ||   752
       Headbutt          |    15 |    22 |    90 |   159 |   351 |   367 |   333 |   340 |   191 ||  1868
       War axe           |       |       |       |   231 |       |       |       |       |       ||   231
       Flail             |       |       |       |    27 |    37 |       |       |       |       ||    64
       Broad axe         |       |       |       |   102 |  1148 |  1237 |  1024 |   968 |   486 ||  4965
Invok: Berserk           |       |     2 |     1 |     7 |    14 |     6 |     6 |     1 |       ||    37
       Trog's Hand       |       |       |       |     6 |    10 |    11 |     8 |     7 |     6 ||    48
       Brothers in Arms  |       |       |       |     1 |     4 |     3 |     8 |     5 |     3 ||    24
Evoke: Wand              |       |       |       |     2 |       |     7 |     1 |       |       ||    10
  Use: Scroll            |       |     3 |     9 |     8 |    14 |     2 |    11 |     1 |     5 ||    53
       Potion            |       |       |       |     2 |     1 |     2 |     6 |     4 |     9 ||    24
 Stab: Petrified         |       |       |       |       |     4 |       |       |       |       ||     4
       Distracted        |       |       |       |       |       |     1 |       |       |       ||     1
Armor: Animal skin       |    28 |       |       |       |       |       |       |       |       ||    28
       Ring mail         |     8 |     1 |       |       |       |       |       |       |       ||     9
       Scale mail        |       |    46 |    48 |       |       |       |       |       |       ||    94
       Chain mail        |       |       |    89 |   277 |   104 |       |       |       |       ||   470
       Plate armour      |       |       |       |       |   467 |   795 |   292 |   356 |   224 ||  2134
Dodge: Dodged            |    88 |    66 |   121 |   233 |   404 |   595 |   369 |   390 |   282 ||  2548
Block: Buckler           |       |       |    56 |   171 |   412 |   650 |   150 |       |       ||  1439
       Kite shield       |       |       |       |       |       |       |   467 |   791 |   452 ||  1710

Table legend: (Time is in decaauts)
 A = Elapsed time spent in this place.
 B = Non-inter-level travel time spent in this place.
 C = Inter-level travel time spent in this place.
 D = Time resting spent in this place.
 E = Time spent auto-exploring this place.
 F = Levels seen in this place.
 G = Mean time per level.
                   A        B        C        D        E       F      G
               +--------+--------+--------+--------+--------+-----+--------+
         Total |  67687 |  64795 |   2892 |  20842 |  28124 |  48 | 1410.1 |
       Dungeon |  16161 |  15047 |   1114 |   3237 |   8401 |  15 | 1077.4 |
        Temple |    212 |    193 |     19 |      0 |    192 |   1 |  212.0 |
          Lair |  11264 |  10576 |    688 |   4775 |   4159 |   6 | 1877.3 |
        Shoals |   3979 |   3853 |    126 |    804 |   1991 |   4 |  994.8 |
   Spider Nest |   5492 |   5306 |    186 |    999 |   3364 |   4 | 1373.0 |
  Orcish Mines |   3006 |   2896 |    110 |   1080 |   1076 |   2 | 1503.0 |
        Vaults |   8642 |   8346 |    296 |   2043 |   3334 |   5 | 1728.4 |
        Depths |  11782 |  11512 |    270 |   4948 |   4249 |   5 | 2356.4 |
           Zot |   7053 |   6972 |     81 |   2954 |   1327 |   5 | 1410.6 |
        Bazaar |     92 |     92 |      0 |      0 |     29 |   1 |   92.0 |
               +--------+--------+--------+--------+--------+-----+--------+

Top non-repeatable levels by time:
Depths:4: 3122 daAuts
Depths:2: 2858 daAuts
  Lair:1: 2655 daAuts
Depths:1: 2436 daAuts
  Lair:6: 2307 daAuts
  Lair:2: 2263 daAuts
   Zot:1: 2116 daAuts
   Zot:3: 2044 daAuts
Vaults:4: 1953 daAuts
Vaults:5: 1940 daAuts
     D:9: 1930 daAuts
Depths:3: 1862 daAuts
   Orc:1: 1754 daAuts
Vaults:3: 1723 daAuts
    D:10: 1718 daAuts
